 Dungeon Crawl Stone Soup version 0.27-a0-1149-g4505690ab0 (webtiles) character file.

Game seed: 3040059621630335116

361 bilbop the Magician (level 6, -2/45 HPs)
             Began as a Djinni Air Elementalist on May 12, 2021.
             Slain by an orc
             ... wielding a +0 short sword
              (3 damage)
             ... on level 3 of the Dungeon.
             The game lasted 00:12:44 (5297 turns).

bilbop the Magician (Djinni Air Elementalist)       Turns: 5297, Time: 00:12:45

Health: -2/45      AC:  3    Str:  7    XL:     6   Next: 98%
Gold:   107        EV: 11    Int: 17    God:
                   SH:  0    Dex: 15

rFire    + + .     SeeInvis .   d - +0 dagger
rCold    x . .     Faith    .   (no shield)
rNeg     . . .     Spirit   .   h - +0 leather armour
rPois    ∞         Reflect  .   (no helmet)
rElec    .         Harm     .   (no cloak)
rCorr    .         Rampage  .   (no gloves)
Will     .....                  (boots unavailable)
Stlth    ++........             (no amulet)
HPRegen  0.15/turn              (no ring)
MPRegen  0.00/turn              (no ring)

@: flying
A: sickness immunity, fire resistance 2, cold vulnerability 1, float, innate
caster, hp casting, extra vitality 1
a: no special abilities


You were on level 3 of the Dungeon.
You visited 1 branch of the dungeon, and saw 3 of its levels.
You also visited: Sewer.

You collected 107 gold pieces.

Inventory:

Hand Weapons
 d - a +0 dagger (weapon)
 m - a +0 falchion
Missiles
 q - a curare-tipped dart
Armour
 a - a +0 robe
 h - a +0 leather armour (worn)
Scrolls
 b - a scroll of silence {unknown}
 c - 2 scrolls of identify {unknown}
 e - a scroll of magic mapping {unknown}
 f - a scroll of vulnerability {unknown}
 j - a scroll of summoning {unknown}
 l - 2 scrolls of enchant armour {unknown}
 n - 3 scrolls of teleportation {unknown}
 t - a scroll of blinking {unknown}
Potions
 g - 2 potions of brilliance {unknown}
 i - 4 potions of curing {unknown}
 k - a potion of attraction {unknown}
 o - 2 potions of might {unknown}
 p - 2 potions of magic {unknown}
 r - 5 potions of flight {unknown}
 s - a potion of haste {unknown}


   Skills:
 + Level 2.6 Fighting
 + Level 2.3 Long Blades
 - Level 2.1 Dodging
 + Level 3.0 Stealth
 * Level 4.0 Spellcasting


You couldn't memorise any spells.
You knew the following spells:

 Your Spells              Type           Power      Damage    Failure   Level
a - Shock                 Conj/Air       68%        1d7       4%          1
b - Static Discharge      Conj/Air       17%        N/A       7%          2
c - Swiftness             Air            17%        N/A       14%         3
d - Airstrike             Air            8%         N/A       41%         4
e - Lightning Bolt        Conj/Air       8%         1d21      77%         5
f - Animate Skeleton      Necr           34%        N/A       4%          1
g - Blink                 Tloc           N/A        N/A       7%          2
Your spell library was empty.

Dungeon Overview and Level Annotations

Branches:
Dungeon (3/15)              Sewer (visited)

Altars:


Innate Abilities, Weirdness & Mutations

You are immune to sickness and miasma.
You are immune to poison.
Your flesh is very heat resistant. (rF++)
You are vulnerable to cold. (rC-)
You float through the air rather than walking.
You learn spells naturally, not from books.
Your magical power is your life essence.
You have superior vitality. (+4 HP)


Message History

Casting: Shock (safe; 4% risk of failure)
Confirm with . or Enter, or press ? or * to list all spells.
The orc is struck by an arc of lightning!
You kill the orc!
The lightning grounds out.
The orc priest is struck by an arc of lightning.
The orc priest is almost dead.
The lightning grounds out.
The orc priest invokes the aid of Beogh against you.
Beogh smites you!
* * * LOW HITPOINT WARNING * * *
Casting: Static Discharge (safe; 7% risk of failure)
Confirm with . or Enter, or press ? or * to list all spells.
The orc priest is struck by an arc of lightning!
You kill the orc priest!
You are struck by an arc of lightning.
* * * LOW HITPOINT WARNING * * *
The lightning grounds out.
* * * LOW HITPOINT WARNING * * *
The orc hits you with a +0 short sword.
* * * LOW HITPOINT WARNING * * *
Your Spellcasting skill increases to level 4!
You are too injured to fight recklessly!
Aiming: Shock (safe; 4% risk of failure)
Press: ? - help, Q - select action, (/) - cycle Shift-Dir - straight line
Okay, then.
Casting: Shock (safe; 4% risk of failure)
Confirm with . or Enter, or press ? or * to list all spells.
Okay, then.
Casting: Shock (safe; 4% risk of failure)
Confirm with . or Enter, or press ? or * to list all spells.
You blink.
* * * LOW HITPOINT WARNING * * *
The orc barely misses you. x2
Casting: Blink (safe; 7% risk of failure)
Confirm with . or Enter, or press ? or * to list all spells.
You blink.
* * * LOW HITPOINT WARNING * * *
The orc hits you with a +0 short sword.
You die...

###.###########..# #
#...............>###
#.#.#..............#
#.#.#.############.#
# #.# # #.# #.#
#######.# #o#
.........
#o##############.#
#@§..........# #.#
############.# #.#
#.# #.# #.# #.# #.#
#.# #.# #.# #.###.#
#...... #.###.#


You could see 2 orcs.

Vanquished Creatures
  2 kobold brigands (Sewer)
  2 orc priests (D:3)
  An orc wizard (D:3)
  6 adders
  A river rat (Sewer)
  4 worms
  3 orcs (D:3)
  6 ball pythons
  3 bats
  4 endoplasms
  5 goblins
  3 hobgoblins
  7 jackals
  10 kobolds
  3 quokkas
  3 frilled lizards (D:1)
  10 rats
73 creatures vanquished.

Notes
Turn   | Place    | Note
-------+----------+-------------------------------------------
     0 | D:1      | bilbop the Djinni Air Elementalist began the quest for the
                  | Orb.
     0 | D:1      | Reached XP level 1. HP: 15/15 MP: 0/0
   347 | D:1      | Reached XP level 2. HP: 19/22 MP: 0/0
  1061 | D:1      | Reached XP level 3. HP: 19/26 MP: 0/0
  1061 | D:1      | Learned a level 1 spell: Animate Skeleton
  1567 | D:2      | Reached skill level 1 in Fighting
  1629 | D:2      | Reached skill level 1 in Long Blades
  1922 | D:2      | Reached XP level 4. HP: 28/32 MP: 0/0
  2300 | D:2      | Reached skill level 3 in Spellcasting
  3686 | D:3      | Reached XP level 5. HP: 26/37 MP: 0/0
  3686 | D:3      | Learned a level 2 spell: Blink
  4111 | D:3      | Found a glowing drain.
  4118 | Sewer    | Entered a sewer
  4305 | Sewer    | Noticed a kobold brigand
  4313 | Sewer    | Killed a kobold brigand
  4314 | Sewer    | Reached XP level 6. HP: 17/43 MP: 0/0
  5288 | D:3      | Reached skill level 4 in Spellcasting
  5297 | D:3      | Slain by an orc

Illustrated notes

Levels and vault maps discovered:
D:1:      lightli_arrival_statuegarden, layout_basic
D:2:      layout_basic, minmay_octomino_j4
D:3:      kennysheep_six_static_rooms, layout_basic, okawaru_altar_gauntlet_db,
          gup_sewer_entry_bubbles, shapermc_ecumenical_altar_notcrosses,
          mrwooster_statue_mirror, minmay_mini_jars

Skill      XL: |  1  2  3  4  5  6 |
---------------+-------------------+-----
Fighting       | 1 2 |  2.6
Stealth        | 2 3 |  3.0
Long Blades    | 1 2 |  2.3
Spellcasting   | 3 4 |  4.0
Dodging        | |  2.1

Action                   |  1- 3 |  4- 6 || total
-------------------------+-------+-------++-------
Melee: Dagger            |     1 |       ||     1
 Cast: Shock             |    55 |   118 ||   173
       Static Discharge  |     3 |    15 ||    18
       Blink             |       |     2 ||     2
 Stab: Sleeping          |     1 |       ||     1
Armor: Robe              |     1 |       ||     1
       Leather armour    |     1 |       ||     1
Dodge: Dodged            |    14 |    28 ||    42

Table legend: (Time is in decaauts)
 A = Elapsed time spent in this place.
 B = Non-inter-level travel time spent in this place.
 C = Inter-level travel time spent in this place.
 D = Time resting spent in this place.
 E = Time spent auto-exploring this place.
 F = Levels seen in this place.
 G = Mean time per level.
                   A        B        C        D        E       F      G
               +--------+--------+--------+--------+--------+-----+--------+
         Total |   5297 |   5185 |    112 |   1641 |   3161 |   4 | 1324.2 |
       Dungeon |   4311 |   4199 |    112 |   1047 |   2883 |   3 | 1437.0 |
         Sewer |    985 |    985 |      0 |    594 |    278 |   1 |  985.0 |
               +--------+--------+--------+--------+--------+-----+--------+

Top non-repeatable levels by time:
     D:2: 1801 daAuts
     D:1: 1758 daAuts
   Sewer: 985 daAuts
     D:3: 752 daAuts
